 Dungeon Crawl Stone Soup version 0.29-a0-234-g0dae59b3db (webtiles) character file.

Game seed: 1112793536529235021

238584 Ijustatesigmund the Severer (level 19, -3/271 HPs)
             Began as a Hill Orc Artificer on Mar 1, 2022.
             Was a High Priest of Cheibriados.
             Killed from afar by a deep elf high priest (25 damage)
             ... with damnation
             ... on level 3 of the Elven Halls on Mar 3, 2022.
             The game lasted 01:40:15 (45906 turns).

Ijustatesigmund the Severer (Hill Orc Artificer)   Turns: 45906, Time: 01:40:16

Health: -3/271     AC: 30    Str: 28    XL:     19   Next: 72%
Magic:  32/32      EV: 27    Int: 25    God:    Cheibriados [*****.]
Gold:   1979       SH:  9    Dex: 23    Spells: 17/18 levels left

rFire   . . .      SeeInvis .   A - +8 war axe of Painful Death {venom, rElec Will++ rCorr Str-5}
rCold   . . .      Faith    .   g - +3 buckler {AC+3}
rNeg    . . .      Spirit   .   b - +3 plate armour {rPois}
rPois   +          Reflect  .   V - +0 helmet
rElec   +          Harm     .   (no cloak)
rCorr   +          Rampage  .   w - +2 pair of gloves
Will    +++..                   y - +2 pair of boots
Stlth   ..........              o - amulet "Kijus" {RegenMP Fly Regen+}
HPRegen 1.35/turn               N - +4 ring of evasion
MPRegen 0.63/turn               S - +4 ring of evasion

@: berserking, flying, very slow
A: no striking features
}: 1/15 runes: gossamer
a: Renounce Religion, Bend Time, Temporal Distortion, Slouch, Step From Time


You were on level 3 of the Elven Halls.
You worshipped Cheibriados.
Cheibriados was extremely pleased with you.
You visited 6 branches of the dungeon, and saw 31 of its levels.
You also visited: Sewer, Ice Cave and Volcano.

You collected 3240 gold pieces.
You spent 1261 gold pieces at shops.

Inventory:

Hand Weapons
 a - a +4 broad axe of electrocution
 A - the +8 war axe of Painful Death (weapon) {venom, rElec Will++ rCorr Str-5}
   (You bought it in a shop on level 7 of the Dungeon)

   It poisons the flesh of those it strikes.
   Str:       It affects your strength (-5).
   rElec:     It insulates you from electricity.
   rCorr:     It protects you from acid and corrosion.
   Will:      It greatly increases your willpower.
 B - a +3 eveningstar of flaming
Missiles
 r - 4 throwing nets
Armour
 b - a +3 plate armour of poison resistance (worn)
 g - a +3 buckler of protection (worn)
 s - +0 fire dragon scales
 w - a +2 pair of gloves (worn)
 y - a +2 pair of boots (worn)
 M - +0 ice dragon scales
 V - a +0 helmet (worn)
Jewellery
 e - a ring of willpower
 k - a ring of ice
 n - a ring of positive energy
 o - the amulet "Kijus" (around neck) {RegenMP Fly Regen+}
   (You found it on level 10 of the Dungeon)

   [amulet of magic regeneration]

   It increases your rate of magic regeneration.
   Fly:       It grants you flight.
   Regen:     It increases your rate of health regeneration.
 D - an amulet of reflection
 N - a +4 ring of evasion (left hand)
 S - a +4 ring of evasion (right hand)
 Z - a ring of see invisible
Wands
 d - a wand of charming (2)
 q - a wand of acid (4)
 K - a wand of mindburst (2)
 L - a wand of polymorph (17)
 P - a wand of flame (15)
 X - a wand of digging (8)
 Y - a wand of paralysis (2)
Scrolls
 i - a scroll of magic mapping
 j - a scroll of torment
 v - 3 scrolls of holy word
 C - 8 scrolls of identify
 F - a scroll of fear
 H - 12 scrolls of teleportation
 I - 7 scrolls of fog
 Q - 4 scrolls of amnesia
 R - 3 scrolls of blinking
 T - a scroll of summoning
 U - 2 scrolls of immolation
 W - 3 scrolls of enchant armour
Potions
 c - 3 potions of mutation
 f - 4 potions of attraction
 h - 9 potions of curing
 l - 4 potions of magic
 p - 4 potions of brilliance
 u - 2 potions of resistance
 x - a potion of might
 z - a potion of cancellation
 G - 12 potions of ambrosia
 J - a potion of invisibility
 O - 5 potions of lignification
Miscellaneous
 m - a condenser vane (inert)


   Skills:
 + Level 18.6 Fighting
 + Level 19.9(20.0) Axes
 - Level 2.1(11.3) Maces & Flails
 + Level 12.6 Armour
 - Level 16.7 Dodging
 - Level 0.7 Stealth
 - Level 5.4 Shields
 - Level 3.2 Translocations
 - Level 19.5 Invocations
 + Level 12.7 Evocations


You had 17 spell levels left.
You knew the following spells:

 Your Spells              Type           Power      Damage    Failure   Level
a - Apportation           Tloc           32%        N/A       32%         1

Your spell library contained the following spells:

 Spells                   Type           Power      Damage    Failure   Level
 Animate Skeleton         Necr           0%         N/A       77%         1
 Beastly Appendage        Tmut           0%         N/A       77%         1
 Pain                     Necr           0%         1d4       77%         1
 Sandblast                Erth           0%         2d4       77%         1
 Slow                     Hex            0%         N/A       77%         1
 Sting                    Tmut/Pois      0%         1d3       77%         1
 Summon Small Mammal      Summ           0%         N/A       77%         1
 Passwall                 Tmut/Erth      0%         N/A       88%         2
 Poisonous Vapours        Pois/Air       0%         N/A       88%         2
 Static Discharge         Conj/Air       0%         N/A       88%         2
 Sublimation of Blood     Necr           0%         N/A       88%         2
 Wereblood                Tmut           0%         N/A       88%         2
 Confusing Touch          Hex            0%         N/A       98%         3
 Frozen Ramparts          Ice            0%         1d2       98%         3
 Ignite Poison            Fire/Tmut/Pois 0%         N/A       98%         3
 Ozocubu's Armour         Ice            0%         N/A       98%         3
 Spider Form              Tmut/Pois      0%         N/A       98%         3
 Stone Arrow              Conj/Erth      0%         3d7       98%         3
 Tukima's Dance           Hex            0%         N/A       98%         3
 Vampiric Draining        Necr           0%         2d6       98%         3
 Anguish                  Hex/Necr       0%         N/A       100%        4
 Animate Armour           Summ/Erth      0%         N/A       100%        4
 Hailstorm                Conj/Ice       0%         3d3       100%        4
 Ice Form                 Ice/Tmut       0%         N/A       100%        4
 Olgreb's Toxic Radiance  Pois           0%         N/A       100%        4
 Petrify                  Tmut/Erth      0%         N/A       100%        4
 Summon Ice Beast         Ice/Summ       0%         N/A       100%        4
 Agony                    Necr           0%         N/A       100%        5
 Alistair's Intoxication  Tmut/Pois      0%         N/A       100%        5
 Excruciating Wounds      Necr           0%         N/A       100%        5
 Freezing Cloud           Conj/Ice/Air   0%         6-21      100%        5
 Iskenderun's Battlesphe  Conj           0%         2d6       100%        5
 Lee's Rapid Deconstruct  Erth           0%         3d5*      100%        5
 Lightning Bolt           Conj/Air       0%         1d11      100%        5
 Metabolic Englaciation   Hex/Ice        0%         N/A       100%        5
 Eringya's Noxious Bog    Tmut/Pois      0%         N/A       100%        6
 Iron Shot                Conj/Erth      0%         9d1       100%        6
 Simulacrum               Ice/Necr       0%         N/A       100%        6
 Statue Form              Tmut/Erth      0%         N/A       100%        6
 Enfeeble                 Hex            0%         N/A       100%        7
 Ozocubu's Refrigeration  Ice            0%         4d5       100%        7
 Spellforged Servitor     Conj/Summ      0%         N/A       100%        7
 Summon Hydra             Summ           0%         N/A       100%        7
 Ignition                 Fire           0%         3d3       100%        8
 Maxwell's Capacitive Co  Air            0%         ∞         100%        8
 Polar Vortex             Ice            0%         N/A       100%        9


Dungeon Overview and Level Annotations

Branches:
Dungeon (15/15)            Temple (1/1) D:5            Lair (6/6) D:9
 Shoals (0/4) Lair:4       Spider (4/4) Lair:4        Slime (0/5) Lair:5
    Orc (2/2) D:9             Elf (3/3) Orc:2        Vaults (0/5) D:13
 Depths (0/4) D:15          Sewer (visited)           IceCv (visited)
Volcano (visited)

Altars:
Ashenzari
Cheibriados
Dithmenos
Elyvilon
Fedhas
Gozag
Hepliaklqana
Kikubaaqudgha
Makhleb
Nemelex Xobeh
Okawaru
Qazlal
Ru
Sif Muna
Trog
Uskayaw
Vehumet
Wu Jian
Xom
Yredelemnul
Zin
The Shining One
Beogh

Shops:
D:2 [   D:7 ?(=(   D:13 *   D:14 *   Orc:2 ?!*:[   Elf:2 ([(

Portals:
Hell: Lair:6

Annotations:
D:12 3 runed translucent doors, HotDog's ghost, journeyman MiFi
Lair:2 2 transporters, Naaf's ghost, journeyman DrFi
Spider:3 2 transporters, Zider's ghost, adept SpEn


Message History

The deep elf demonologist mumbles some strange words.
The deep elf high priest calls down the wrath of its god upon you.
Something smites you! The Hell Sentinel gestures at you.
The sphere of damnation explodes!
The damnation engulfs you!!
The damnation engulfs the Hell Sentinel.
The Hell Sentinel completely resists.
You hit the Hell Sentinel but do no damage.
The Hell Sentinel is moderately wounded.
The deep elf annihilator casts a spell.
The deep elf annihilator blinks!
You hit the Hell Sentinel but do no damage.
The Hell Sentinel is moderately wounded.
You block the Hell Sentinel's attack. The Hell Sentinel misses you.
The Ice Fiend calls on the powers of darkness!
The deep elf high priest convulses!
The deep elf demonologist convulses!
The deep elf zephyrmancer convulses!
Your body is wracked with pain!
* * * LOW HITPOINT WARNING * * *
Okay, then.
Okay, then.
A red film seems to cover your vision as you go berserk!
Cheibriados forces you to slow down.
You feel mighty! The Hell Sentinel misses you.
The Hell Sentinel closely misses you.
You hit the Hell Sentinel.
The Hell Sentinel is moderately wounded.
The deep elf high priest calls down the wrath of its god upon you.
The sphere of damnation explodes!
The damnation engulfs you!!
* * * LOW HITPOINT WARNING * * *
The damnation engulfs the Hell Sentinel.
The Hell Sentinel completely resists.
The Hell Sentinel hits you!
* * * LOW HITPOINT WARNING * * *
The Hell Sentinel hits you but does no damage.
The deep elf zephyrmancer mumbles some strange words.
The deep elf zephyrmancer blinks!
You slash the Hell Sentinel!
The Hell Sentinel is moderately wounded.
The deep elf high priest mumbles some strange prayers to its god against you.
The sphere of damnation explodes!
The damnation engulfs you!!
You die...

#...# #....# ###.#### #
#.#E.# ####### #.#..####
'##...### #EeE.E..###
#.......# ###.)..e..#
#.......###########3......#
'.......'.......@1ee1)....#
#..)....###########4e.....#
#......[# #..§....#
###...### ##'#...### #####
##.###### ##.## #### ##.##
#..####.## #....#'##


You could see a Hell Sentinel (summoned), an Ice Fiend (summoned), a deep elf
annihilator (empowered), a deep elf demonologist (empowered), an orange demon
(summoned), a deep elf high priest (brilliance aura), a deep elf zephyrmancer
(empowered) and a sixfirhy (summoned).

Vanquished Creatures
  Nikola (Spider:3)
  Arachne (Spider:4)
  A golden dragon (IceCv)
  A deep elf master archer (Elf:3)
  2 deep elf blademasters (Elf:3)
  Agnes (Spider:2)
  Kirke (Spider:3)
  Roxanne (D:15)
  3 ghost moths
  5 deep elf sorcerers
  3 deep elf elementalists (Elf:3)
  5 emperor scorpions
  An ironbound preserver (D:13)
  2 broodmothers (Spider:3)
  A stone giant (D:15)
  9 entropy weavers
  2 dire elephants
  2 spark wasps
  2 deep elf annihilators (Elf:3)
  A fire dragon (Volcano)
  A deep elf high priest (Elf:3)
  A hell beast (Lair:6)
  5 ice dragons (IceCv)
  11 boulder beetles
  9 hydras
  Fannar (D:10)
  7 centaur warriors
  2 radroaches
  10 two-headed ogres
  A catoblepas (Lair:2)
  27 dancing weapons
  A death knight (D:13)
  16 death yaks
  Urug (Orc:1)
  17 deep elf knights
  Amaemon (Lair:4)
  4 sun demons (Volcano)
  9 pharaoh ants
  3 sun moths
  4 skeletal warriors (D:12)
  11 steelbarb worms
  Lodul (D:10)
  20 deep elf archers
  6 orb spiders
  A death drake (Elf:2)
  2 wizards
  A lindwurm (Lair:6)
  An orange crystal statue (IceCv)
  24 deep elf zephyrmancers
  A necromancer (Lair:6)
  6 orc knights
  13 wolf spiders
  29 deep elf pyromancers
  A mana viper (Elf:2)
  A wolf spider (shapeshifter) (D:13)
  6 cyclopes
  18 ugly things
  A salamander (shapeshifter) (D:13)
  An orc sorcerer (Orc:1)
  A moth of wrath (Spider:3)
  2 manticores
  4 smoke demons
  Joseph (D:9)
  11 black mambas
  17 elephants
  2 ice statues (Elf:3)
  6 torpor snails
  6 storm dragon simulacra (IceCv)
  4 orange demons
  10 cane toads
  A gargoyle (D:8)
  Maggie (D:7)
  13 komodo dragons
  6 rime drakes
  An unseen horror (D:11)
  10 demonic crawlers
  2 kobold demonologists
  7 yaktaurs (D:15)
  2 ice devils (Lair:6)
  A tengu conjurer (D:13)
  6 golden dragon simulacra (IceCv)
  15 meliai
  A queen bee (D:13)
  2 polar bears
  A red devil (Lair:6)
  2 hornets (Elf:2)
  A meliai (shapeshifter) (Elf:3)
  3 trolls
  A tarantella (shapeshifter) (Elf:2)
  23 tarantellas
  27 blink frogs
  A blink frog (shapeshifter) (D:14)
  4 dream sheep (Lair:1)
  5 slime creatures (D:13)
  14 jumping spiders
  An air elemental (Elf:3)
  20 culicivoras
  Sigmund (D:5)
  5 vampires
  38 yaks
  5 wraiths
  8 wyverns
  2 hogs
  4 fire elementals
  4 steam dragons
  34 redbacks
  4 vampire mosquitoes
  7 basilisks
  6 wargs
  5 hell hounds
  Duvessa (D:7)
  21 water moccasins
  4 ice dragon simulacra (IceCv)
  39 orc warriors
  10 ogres
  2 ice beasts (D:6)
  2 sky beasts
  A black bear (D:5)
  18 centaurs
  11 wolves
  2 phantoms (D:6)
  6 kobold brigands
  13 bullfrogs
  A gnoll sergeant (D:12)
  3 earth elementals
  8 wights
  Dowan (D:7)
  4 lindwurm simulacra (IceCv)
  25 killer bees
  6 howler monkeys
  2 electric eels
  12 orc priests
  3 gnoll shamans
  5 hounds
  4 jellies
  Terence (D:3)
  9 orc wizards
  A yak simulacrum (Lair:6)
  11 hell rats
  3 iguanas
  3 polar bear simulacra (Lair:6)
  3 wolf simulacra (Lair:6)
  12 gnolls
  A river rat (Sewer)
  14 adders
  A shadow imp (D:6)
  A white imp (D:8)
  2 ufetubi
  2 worms
  6 dart slugs
  69 orcs
  4 bats
  7 endoplasms
  4 giant cockroaches
  5 goblins
  6 hobgoblins
  2 jackals (Sewer)
  28 kobolds
  2 quokkas
  8 ball pythons
  4 frilled lizards
  9 rats
  4 river rat simulacra (Lair:6)
  8 bushes (Elf:3)
  A butterfly (Lair:4)
1113 creatures vanquished.

Vanquished Creatures (collateral kills)
  An ogre (D:10)
  A wight (D:6)
  An orc priest (D:5)
  2 gnolls (D:8)
  An adder (D:6)
  2 kobolds (Sewer)
8 creatures vanquished.

Vanquished Creatures (others)
  A two-headed ogre (D:10)
  A deep elf knight (Elf:2)
  A sun moth (Spider:4)
  2 deep elf zephyrmancers (Elf:3)
  2 orb spiders (Spider:4)
  4 deep elf pyromancers
  A golden dragon simulacrum (IceCv)
  A culicivora (Spider:3)
  A jumping spider (Spider:4)
  3 humans (Spider:4)
  A wight (D:6)
  A gnoll (D:5)
  An ufetubus (D:6)
  81 fungi
  117 plants
218 creatures vanquished.

Grand Total: 1339 creatures vanquished

Notes
Turn   | Place    | Note
-------+----------+-------------------------------------------
     0 | D:1      | Ijustatesigmund the Hill Orc Artificer began the quest for
                  | the Orb.
     0 | D:1      | Reached XP level 1. HP: 16/16 MP: 1/1
   438 | D:1      | Reached XP level 2. HP: 7/24 MP: 2/2
   825 | D:1      | Noticed a shining eye
   827 | D:1      | Found a faded altar of an unknown god.
   829 | D:1      | Noticed a golden eye
   829 | D:1      | Noticed a floating eye
   829 | D:1      | Noticed a great orb of eyes
  1206 | D:1      | Reached skill level 1 in Maces & Flails
  2004 | D:2      | Reached XP level 3. HP: 22/30 MP: 3/3
  2077 | D:2      | Found Ralisk's Armour Shop.
  3176 | D:3      | Found an iron altar of Okawaru.
  3232 | D:3      | Found a glowing drain.
  3241 | Sewer    | Entered a sewer
  3255 | Sewer    | Reached skill level 1 in Axes
  3255 | Sewer    | Reached XP level 4. HP: 26/38 MP: 4/4
  3396 | Sewer    | Noticed a kobold brigand
  3447 | Sewer    | Killed a kobold brigand
  3448 | Sewer    | Reached XP level 5. HP: 14/46 MP: 5/5
  3689 | Sewer    | Found a glowing silver altar of Zin.
  3815 | D:3      | Noticed a kobold brigand
  3823 | D:3      | Killed a kobold brigand
  4521 | D:3      | Identified a scroll of acquirement
  4521 | D:3      | Acquired a +1 buckler of protection
  4625 | D:3      | Reached skill level 5 in Fighting
  4793 | D:3      | Noticed Terence
  4804 | D:3      | Killed Terence
  4805 | D:3      | Reached XP level 6. HP: 38/56 MP: 6/6
  5345 | D:4      | Found a white marble altar of Elyvilon.
  5391 | D:4      | Reached skill level 1 in Shields
  5667 | D:4      | Reached XP level 7. HP: 16/61 MP: 7/7
  6281 | D:5      | Entered Level 5 of the Dungeon
  6580 | D:5      | Found a shimmering blue altar of Sif Muna.
  6580 | D:5      | Found a glowing silver altar of Zin.
  6582 | D:5      | Found a snail-covered altar of Cheibriados.
  6584 | D:5      | Found a bloodstained altar of Trog.
  6661 | D:5      | Found a staircase to the Ecumenical Temple.
  6747 | D:5      | Noticed Sigmund
  6755 | D:5      | Killed Sigmund
  6756 | D:5      | Reached skill level 5 in Axes
  7077 | D:5      | Reached XP level 8. HP: 71/71 MP: 8/8
  8303 | D:6      | Identified the +1 robe of Gom Imal {rF+ rN+ MP-9 Str+3}
  8366 | D:6      | Reached skill level 5 in Armour
  8774 | D:6      | Reached skill level 5 in Shields
  9058 | D:6      | Reached XP level 9. HP: 38/80 MP: 9/9
  9349 | D:6      | Got the Tome of Ice
  9789 | D:6      | Upgraded the game from 0.29-a0-231-g945431f764 to
                  | 0.29-a0-234-g0dae59b3db
  9808 | D:7      | Noticed Dowan
  9809 | D:7      | Noticed Duvessa
  9839 | D:7      | Found Xill's Antique Weapon Shop.
  9896 | D:7      | Found Xonoteq's Jewellery Emporium.
  9932 | D:7      | Reached skill level 1 in Dodging
  9936 | D:7      | Found Rubluch's Antique Weapon Emporium.
 10103 | D:7      | Noticed Maggie
 10118 | D:7      | Killed Maggie
 10302 | D:7      | Killed Duvessa
 10310 | D:7      | Killed Dowan
 10463 | D:7      | Found Maffeach's Magic Scroll Shop.
 10510 | D:7      | Found an ornate altar of the Wu Jian Council.
 10732 | D:7      | Bought a glowing broad axe for 154 gold pieces
 11298 | D:8      | Found a sparkling altar of Nemelex Xobeh.
 11593 | D:8      | Reached XP level 10. HP: 71/91 MP: 10/10
 11943 | D:8      | Noticed a gargoyle
 11959 | D:8      | HP: 5/138 [gargoyle/+5 quarterstaff (15)]
 11960 | D:8      | Killed a gargoyle
 11961 | D:8      | Reached skill level 10 in Axes
 12419 | D:8      | Found a hazy altar of Hepliaklqana.
 12420 | D:8      | Found a faded altar of an unknown god.
 12518 | D:9      | Noticed a kobold demonologist
 12518 | D:9      | Noticed a kobold demonologist
 12527 | D:9      | Noticed a soul eater
 12534 | D:8      | Noticed a sun demon
 12540 | D:8      | Noticed an orange demon
 12541 | D:8      | Killed a kobold demonologist
 12542 | D:8      | Reached skill level 10 in Fighting
 12915 | Temple   | Entered the Ecumenical Temple
 12952 | D:5      | Became a worshipper of Cheibriados the Contemplative
 13045 | D:9      | Noticed a two-headed ogre
 13060 | D:8      | Killed a two-headed ogre
 13515 | D:9      | Noticed a gargoyle
 13714 | D:8      | Reached * piety under Cheibriados
 13740 | D:9      | Found a staircase to the Lair.
 13895 | D:9      | Noticed a two-headed ogre
 13909 | D:9      | Killed a two-headed ogre
 13910 | D:9      | Reached skill level 5 in Invocations
 13910 | D:9      | Reached XP level 11. HP: 87/102 MP: 13/15
 14385 | D:9      | Noticed Joseph
 14400 | D:9      | Killed Joseph
 14551 | D:9      | Found a staircase to the Orcish Mines.
 14976 | D:10     | Entered Level 10 of the Dungeon
 15157 | D:10     | Noticed a two-headed ogre
 15158 | D:10     | Noticed a two-headed ogre
 15173 | D:10     | Noticed Lodul
 15178 | D:10     | Reached ** piety under Cheibriados
 15636 | D:10     | Found a sacrificial altar of Ru.
 15655 | D:10     | Noticed Fannar
 15665 | D:10     | Killed Fannar
 15839 | D:10     | Identified the amulet "Kijus" {RegenMP Fly Regen+}
 15872 | D:10     | Noticed a two-headed ogre
 15879 | D:10     | Killed a two-headed ogre
 15938 | D:10     | Killed Lodul
 15943 | D:10     | Noticed a two-headed ogre
 15950 | D:10     | Killed a two-headed ogre
 15958 | D:10     | Killed a two-headed ogre
 16298 | D:11     | Noticed a cyclops
 16298 | D:11     | Noticed a two-headed ogre
 16308 | D:11     | Killed a two-headed ogre
 16329 | D:11     | Killed a cyclops
 16342 | D:11     | Noticed a manticore
 16345 | D:11     | Killed a manticore
 16346 | D:11     | Reached XP level 12. HP: 35/113 MP: 18/18
 16853 | D:11     | Noticed a boulder beetle
 16872 | D:11     | Killed a boulder beetle
 17334 | D:12     | Noticed a boulder beetle
 17489 | D:12     | Noticed a two-headed ogre
 17497 | D:12     | Killed a two-headed ogre
 17507 | D:12     | Noticed a six-headed hydra
 17693 | D:7      | Bought an ichor-stained war axe for 272 gold pieces
 17693 | D:7      | Identified the +8 war axe of Painful Death {venom, rElec
                  | Will++ rCorr Str-5} (You bought it in a shop on level 7 of
                  | the Dungeon)
 17806 | D:12     | Killed a boulder beetle
 17807 | D:12     | Reached skill level 10 in Invocations
 17880 | D:12     | Killed a seven-headed hydra
 17943 | D:12     | Found a runed translucent gate.
 17944 | D:12     | Found a runed translucent gate.
 17945 | D:12     | Found a runed translucent gate.
 17947 | D:12     | Noticed HotDog's ghost (journeyman MiFi)
 18152 | D:12     | Reached *** piety under Cheibriados
 18219 | D:12     | Noticed a five-headed hydra
 18230 | D:12     | Killed a five-headed hydra
 18598 | D:13     | Noticed a boulder beetle
 18609 | D:13     | Killed a boulder beetle
 18623 | D:13     | Acquired a manual of Dodging
 18673 | D:13     | Reached skill level 5 in Dodging
 18747 | D:13     | Reached XP level 13. HP: 103/123 MP: 21/21
 18849 | D:13     | Found a gate to the Vaults.
 18849 | D:13     | Noticed an ironbound preserver
 18859 | D:13     | Killed an ironbound preserver
 18992 | D:13     | Reached **** piety under Cheibriados
 19941 | D:13     | Found Poydaw's Blood Bar.
 20382 | D:14     | Reached skill level 10 in Dodging
 20631 | D:14     | Found Vywnaudo's General Store.
 20742 | D:14     | Reached skill level 15 in Invocations
 20742 | D:14     | Reached XP level 14. HP: 102/130 MP: 25/25
 20775 | D:14     | Bought a scroll of teleportation for 42 gold pieces
 20775 | D:14     | Bought a scroll of fear for 49 gold pieces
 21111 | Lair:1   | Entered Level 1 of the Lair of Beasts
 21221 | Lair:1   | Reached ***** piety under Cheibriados
 21236 | Lair:1   | Found a dark tunnel.
 21304 | Volcano  | Entered a volcano
 22847 | Lair:2   | Found a transporter.
 22850 | Lair:2   | Found a transporter.
 22851 | Lair:2   | Noticed Naaf's ghost (journeyman DrFi)
 23129 | Lair:2   | You are sucked into a shaft and drop 2 floors!
 23208 | Lair:4   | Noticed Amaemon
 23221 | Lair:4   | Killed Amaemon
 23346 | Lair:4   | Found a hole to the Spider Nest.
 23547 | Lair:4   | Found a staircase to the Shoals.
 24072 | Lair:3   | Reached skill level 10 in Armour
 24074 | Lair:3   | Reached XP level 15. HP: 129/137 MP: 27/27
 24192 | Lair:3   | Learned a level 1 spell: Apportation
 24435 | Lair:3   | Reached skill level 1 in Translocations
 24458 | Lair:3   | Reached ****** piety under Cheibriados
 25039 | Lair:5   | Found a staircase to the Slime Pits.
 26177 | Lair:6   | Entered Level 6 of the Lair of Beasts
 26425 | Lair:6   | Reached skill level 15 in Axes
 26770 | Lair:6   | Found a burning altar of Makhleb.
 26848 | Lair:6   | Found a gateway to Hell.
 26855 | Lair:6   | Identified the +1 robe "Kohigg" {Rampage Will+ Str+7 Dex-5
                  | SInv}
 27064 | Lair:6   | Reached XP level 16. HP: 145/147 MP: 29/29
 27938 | Orc:1    | Entered Level 1 of the Orcish Mines
 28083 | Orc:1    | Reached skill level 15 in Fighting
 28279 | Orc:2    | Entered Level 2 of the Orcish Mines
 28309 | Orc:1    | Noticed Urug
 28318 | Orc:1    | Killed Urug
 28681 | Orc:2    | Found Cuilisk's Magic Scroll Boutique.
 28689 | Orc:2    | Bought a scroll of teleportation for 48 gold pieces
 28689 | Orc:2    | Bought a scroll of blinking for 120 gold pieces
 28731 | Orc:2    | Found a staircase to the Elven Halls.
 28842 | Orc:2    | Reached skill level 5 in Evocations
 29002 | Orc:2    | Found Ryxewkim's Assorted Antiques.
 29002 | Orc:2    | Found Nualliman's Distillery.
 29016 | Orc:2    | Bought a potion of cancellation for 96 gold pieces
 29016 | Orc:2    | Bought a potion of heal wounds for 60 gold pieces
 29026 | Orc:2    | Found a roughly hewn altar of Beogh.
 29275 | Orc:2    | Found Qeshrumm's Armour Shop.
 29275 | Orc:2    | Found Wuytemihel's Book Emporium.
 29599 | D:15     | Entered Level 15 of the Dungeon
 29603 | D:15     | Found a staircase to the Depths.
 29754 | D:15     | Acquired a manual of Dodging
 30461 | D:15     | Identified Roxanne's Tome of Earth
 30461 | D:15     | Noticed Roxanne
 30483 | D:15     | Killed Roxanne
 30908 | D:2      | Bought a +3 plate armour of poison resistance for 420 gold
                  | pieces
 31118 | Spider:1 | Entered Level 1 of the Spider Nest
 32683 | Spider:2 | Reached XP level 17. HP: 141/156 MP: 30/30
 32762 | Spider:2 | Noticed Agnes
 32775 | Spider:2 | Killed Agnes
 34457 | Spider:3 | Noticed Zider's ghost (adept SpEn)
 34458 | Spider:3 | Found a transporter.
 34530 | Spider:3 | Found a transporter.
 35612 | Spider:4 | Entered Level 4 of the Spider Nest
 35613 | Spider:4 | Noticed Kirke
 35628 | Spider:3 | Killed Kirke
 35680 | Spider:4 | Noticed Nikola
 35709 | Spider:3 | Killed Nikola
 37035 | Spider:4 | Noticed Arachne
 37053 | Spider:4 | Killed Arachne
 38189 | Spider:4 | Reached skill level 10 in Evocations
 38438 | Spider:4 | Reached XP level 18. HP: 162/168 MP: 31/31
 38443 | Spider:4 | Reached skill level 15 in Dodging
 39038 | Spider:4 | Got a gossamer rune of Zot
 39040 | Spider:4 | Identified the +1 pair of boots of Decompression {-Cast
                  | Harm rElec}
 39558 | Elf:1    | Entered Level 1 of the Elven Halls
 41113 | Elf:2    | Found Saulucwa's Antique Weapon Shoppe.
 41198 | Elf:2    | Found Yryph's Armour Emporium.
 41221 | Elf:2    | Found Mehaurch's Antique Weapon Emporium.
 41444 | Elf:2    | Got the Handbook of Intoxication
 41644 | Elf:2    | Found a runed translucent gate.
 41645 | Elf:2    | Found a runed translucent gate.
 41646 | Elf:2    | Found a runed translucent gate.
 41669 | Elf:2    | Reached XP level 19. HP: 114/179 MP: 32/32
 43212 | Elf:3    | Entered Level 3 of the Elven Halls
 43582 | Elf:3    | Found a frozen archway.
 43624 | IceCv    | Entered an ice cave
 44563 | IceCv    | Noticed a golden dragon
 44577 | IceCv    | Killed a golden dragon
 44829 | IceCv    | Identified the ring "Duepenio" {Fly Stlth+}
 44838 | IceCv    | Identified the amulet "Itaxtikhlya" {Spirit Dex+6}
 45126 | IceCv    | Identified the +0 pair of gloves of Quucaczues {rElec rF-
                  | Dex-3 Stlth+}
 45663 | Elf:3    | Paralysed by an air elemental for 1 turns
 45714 | Elf:3    | Noticed a Brimstone Fiend
 45718 | Elf:3    | Noticed a Tzitzimitl
 45898 | Elf:3    | Noticed a Hell Sentinel
 45902 | Elf:3    | Noticed an Ice Fiend
 45906 | Elf:3    | Killed from afar by a deep elf high priest

Illustrated notes

Levels and vault maps discovered:
D:1:      evilmike_arrival_crescent, layout_basic,
          hellmonk_ecumenical_altar_watching_god, minmay_misc_feat_square,
          minivault_19, nicolae_concentric_dashed_squares_mild
D:2:      layout_basic, serial_shops, shop
D:3:      minmay_bubble_buster, layout_loops_corners, okawaru_trees_2,
          cheibrodos_sewer_entry_drain, uniq_terence
D:4:      layout_cave_pools, elyvilon_altar_4, serial_column_ruins,
          column_ruins_hut, column_ruins_hut_ruined,
          column_ruins_columns_straight, column_ruins_open_large,
          column_ruins_columns_T, column_ruins_grid_2, column_ruins_grid_4
D:5:      layout_loops_ring, chequers_temple_overflow_statue_of_worship,
          minmay_temple_entry_proselytizer, kennysheep_cluttered_room,
          glass_columns_b, uniq_sigmund
D:6:      layout_basic, chequers_serial_rivers_room_b,
          hellmonk_bongcloud_opening, minmay_pentangle
D:7:      layout_loops_ring, mainiacjoe_overflow_alcove_4, serial_shops,
          nicolae_shop_hallway_stairs, nicolae_diamond_shop, shop,
          nicolae_take_the_stairs, minmay_misc_feat_nine_boxes, uniq_duvessa,
          uniq_maggie
D:8:      layout_rooms, beargit_hepliaklqana_dungeon_heroes,
          nemelex_diamond_rough_becter, enter_bailey_2
D:9:      layout_loops_cross, due_lair_maze_entry_diamond, uniq_joseph
D:10:     layout_roguey, mainiacjoe_overflow_24_doors, uniq_fannar, uniq_lodul
D:11:     layout_basic
D:12:     layout_gridville, gammafunk_ghost_necromancy
D:13:     layout_loops_corners, skrybe_vaults_entry_preservation, special_room
          [special_room_bee], guppyfry_shop_blood
D:14:     layout_irregular_city, kennysheep_windowed_goal
D:15:     grunt_enter_depths_giant_problem, layout_loops_corners, uniq_roxanne
Temple:   nicolae_temple_no_exploring_needed
Lair:1:   layout_gridlike, enter_volcano_1, dreamdust_deal_with_the_devil,
          dreamdust_gnoll_shepherd, grunt_megastairs_1
Lair:2:   minmay_lair_venomous_thicket, layout_chaotic_city, nzn_ghost_randoct
Lair:3:   layout_regular_city
Lair:4:   layout_roguey, minmay_shoals_entry_centaurs,
          spider_nest_entry_web_field, lemuel_fruit_tree, serial_bayou_shore_a,
          lemuel_fruit_fields, infiniplex_staircase_pool_2,
          serial_bayou_shore_b, uniq_amaemon
Lair:5:   beast_lair_carwin_large_3, layout_layer_cave,
          nicolae_slime_entry_slimehenge, nicolae_lair_lil_pond,
          patterned_corridor, serial_bayou_shore_b
Lair:6:   evil_forest, layout_misc_corridors, eino_house_with_fridge,
          lemuel_fruit_fields
Spider:1: layout_spider_delve
Spider:2: layout_spider_delve, uniq_agnes
Spider:3: layout_spider_delve, gammafunk_ghost_arena,
          nicolae_spider_rock_and_or_roll
Spider:4: hellmonk_spider_rune_bug_friends, uniq_arachne, uniq_kirke,
          uniq_nikola
Orc:1:    layout_diamond_mine, uniq_urug
Orc:2:    st_orc_town, layout_caves, serial_shops, nicolae_shop_stone
Elf:1:    minmay_elf_crystal_octagon, layout_loops_cross, minivault_28
Elf:2:    nicolae_elf_blades_splatter_lattice
          [nicolae_blade_entry_diamond_columns], layout_geoelf_octagon,
          serial_shops, shop, hangedman_research_toxicology, minmay_shop_star
Elf:3:    minmay_elf_hall_hex, layout_geoelf_diagonals,
          portal_ice_cave_entry_ice_statue_two, kb_rosetta

Skill      XL: |  1  2  3  4  5  6  7  8  9 10 11 12 13 14 15 16 17 18 19 |
---------------+----------------------------------------------------------+-----
Fighting       | 2 3 4 5 6 7 9 11 12 13 14 15 16 17 18 | 18.6
Maces & Flails | 1 2 |  2.1
Axes           | 1 2 3 4 5 7 9 11 13 14 15 16 17 19 | 19.9
Shields        | 2 3 5 |  5.4
Armour         | 3 4 5 6 7 10 12 | 12.6
Dodging        | 3 4 5 10 11 13 14 16 | 16.7
Invocations    | 5 9 11 15 17 19 | 19.5
Translocations | 3 |  3.2
Evocations     | 8 10 11 12 | 12.7
Stealth        | |  0.7

Action                   |  1- 3 |  4- 6 |  7- 9 | 10-12 | 13-15 | 16-18 | 19-21 || total
-------------------------+-------+-------+-------+-------+-------+-------+-------++-------
Melee: Whip              |   124 |       |       |       |       |       |       ||   124
       Club              |    13 |       |       |       |       |       |       ||    13
       War axe           |    16 |   122 |   265 |   104 |   845 |  1402 |   436 ||  3190
       Punch             |     1 |       |       |       |       |       |       ||     1
       Broad axe         |       |       |    61 |   314 |       |       |       ||   375
       Morningstar       |       |       |       |    26 |    14 |       |       ||    40
       Eveningstar       |       |       |       |       |    16 |     4 |       ||    20
Invok: Bend Time         |       |       |       |     7 |     5 |     2 |     3 ||    17
       Slouch            |       |       |       |       |     5 |     7 |     6 ||    18
       Temporal Distorti |       |       |       |       |       |     2 |     1 ||     3
       Step From Time    |       |       |       |       |       |       |     2 ||     2
Evoke: Wand              |     4 |    10 |    14 |    15 |     3 |    15 |     4 ||    65
       Piece from Xom's  |       |       |     1 |       |       |       |       ||     1
       Condenser vane    |       |       |       |       |     3 |     2 |     1 ||     6
  Use: Scroll            |     2 |     8 |     9 |     8 |     6 |     9 |     5 ||    47
       Potion            |       |       |     4 |     7 |     5 |     5 |     6 ||    27
 Stab: Sleeping          |     2 |       |       |       |       |       |       ||     2
       Petrified         |       |       |     8 |       |       |       |       ||     8
       Petrifying        |       |       |     1 |       |       |       |       ||     1
       Confused          |       |       |       |       |    10 |       |       ||    10
Armor: Leather armour    |    40 |     1 |       |       |       |       |       ||    41
       Chain mail        |       |    77 |   185 |   229 |   178 |       |       ||   669
       Skin              |       |       |       |    30 |     5 |       |       ||    35
       Fire dragon scale |       |       |       |       |   150 |    68 |       ||   218
       Plate armour      |       |       |       |       |       |   325 |    71 ||   396
       Ice dragon scales |       |       |       |       |       |       |    23 ||    23
Dodge: Dodged            |    88 |    56 |   102 |   170 |   740 |  1219 |   290 ||  2665
Block: Buckler           |       |    19 |   102 |   193 |   495 |   952 |   169 ||  1930
       Reflection        |       |       |       |    13 |       |    27 |    13 ||    53

Table legend: (Time is in decaauts)
 A = Elapsed time spent in this place.
 B = Non-inter-level travel time spent in this place.
 C = Inter-level travel time spent in this place.
 D = Time resting spent in this place.
 E = Time spent auto-exploring this place.
 F = Levels seen in this place.
 G = Mean time per level.
                   A        B        C        D        E       F      G
               +--------+--------+--------+--------+--------+-----+--------+
         Total |  59020 |  54927 |   4093 |  15549 |  30707 |  34 | 1735.9 |
       Dungeon |  26217 |  23719 |   2498 |   6810 |  13634 |  15 | 1747.8 |
        Temple |      1 |      1 |      0 |      0 |      0 |   1 |    1.0 |
          Lair |  10619 |   9751 |    868 |    622 |   7780 |   6 | 1769.8 |
   Spider Nest |  10475 |  10110 |    365 |   4721 |   4151 |   4 | 2618.8 |
  Orcish Mines |   2504 |   2261 |    243 |    134 |   1626 |   2 | 1252.0 |
   Elven Halls |   6329 |   6213 |    116 |   1639 |   3042 |   3 | 2109.7 |
         Sewer |    523 |    523 |      0 |    314 |    104 |   1 |  523.0 |
      Ice Cave |   1771 |   1771 |      0 |   1126 |    196 |   1 | 1771.0 |
       Volcano |    577 |    577 |      0 |    183 |    173 |   1 |  577.0 |
               +--------+--------+--------+--------+--------+-----+--------+

Top non-repeatable levels by time:
Spider:3: 4764 daAuts
   Elf:2: 2916 daAuts
     D:8: 2912 daAuts
  Lair:5: 2330 daAuts
     D:6: 2319 daAuts
  Lair:6: 2259 daAuts
Spider:1: 2174 daAuts
     D:1: 2151 daAuts
    D:13: 2138 daAuts
   Elf:1: 1893 daAuts
     D:9: 1886 daAuts
Spider:4: 1846 daAuts
    D:10: 1800 daAuts
    D:15: 1798 daAuts
   Orc:2: 1791 daAuts
